 Dungeon Crawl Stone Soup version 0.32-a0-871-ge202e49faa (webtiles) character file.

Game seed: 7108067334835951537

18 HilariousDeathArtist the Poker (level 2, 0/23 HPs)
             Began as a Coglin Reaver on Mar 29, 2024.
             Slain by Terence
             ... wielding a +0 falchion
              (8 damage)
             ... on level 2 of the Dungeon.
             The game lasted 00:01:38 (1010 turns).

HilariousDeathArtist the Poker (Coglin Reaver)      Turns: 1010, Time: 00:01:38

Health: 0/23       AC:  3    Str: 12    XL:     2   Next: 70%
Magic:  4/4        EV: 10    Int: 12    God:
Gold:   74         SH:  0    Dex: 12    Spells: 3/4 levels left

rFire   . . .        a - +0 spear {Qiu}
rCold   . . .        q - +0 war axe {Ramón}
rNeg    . . .        b - +0 leather armour
rPois   .            (helmet currently unavailable)
rElec   .            (cloak currently unavailable)
rCorr   .            (gloves currently unavailable)
SInv    .            (boots currently unavailable)
Will    .....        (amulet unavailable)
Stlth   +            (ring unavailable)
HPRegen 0.23/turn    (ring unavailable)
MPRegen 0.09/turn    (no gizmo)

%: no passive effects
@: beast-form, revved
A: beast (slay +0), off-hand wielding, slow wielding, warmup strikes, no
jewellery
a: Invent Gizmo, Begin Untransformation


You were on level 2 of the Dungeon.
You were a hulking beast.
You visited 1 branch of the dungeon, and saw 2 of its levels.

You collected 74 gold pieces.

Inventory:

Hand Weapons
 a - a +0 spear (weapon) {Qiu}
 c - a +0 dagger {Chiraphon}
 l - a +0 hand axe {Gurmehar}
   (You found it on level 1 of the Dungeon)
 q - a +0 war axe (offhand) {Ramón}
   (You found it on level 1 of the Dungeon)
Missiles
 p - 6 boomerangs
 r - a throwing net {!d}
 s - 14 stones
Armour
 b - a +0 leather armour (worn)
 f - a +0 chain mail
   (You found it on level 1 of the Dungeon)
Talismans
 h - a beast talisman (active)
   (You found it on level 1 of the Dungeon)
 u - a beast talisman (active)
   (You found it on level 2 of the Dungeon)
Scrolls
 d - a scroll of blinking {unknown}
 e - a scroll of noise {unknown}
 g - 2 scrolls of identify {unknown}
 j - 2 scrolls of vulnerability {unknown}
 m - a scroll of poison {unknown}
 o - a scroll of teleportation {unknown}
 t - a scroll of immolation {unknown}
 v - a scroll of brand weapon {unknown}
Potions
 k - a potion of haste {unknown}
 n - a potion of enlightenment {unknown}
 J - a potion of curing {@q1}


   Skills:
 + Level 2.4 Fighting
 + Level 3.0 Polearms
 - Level 1.7 Dodging
 - Level 1.7 Spellcasting
 - Level 2.6 Conjurations
 + Level 0.7 Shapeshifting


You had 3 spell levels left.
You knew the following spells:

 Your Spells              Type           Power      Damage    Failure   Level
a - Kiss of Death         Conj/Necr      16%        2d6       21%         1

Your spell library contained the following spells:

 Spells                   Type           Power      Damage    Failure   Level
 Momentum Strike          Conj/Tloc      8%         3d8       30%         2
 Hailstorm                Conj/Ice       4%         3d5       52%         3


Dungeon Overview and Level Annotations

Branches:
Dungeon (2/15)

Altars:

Annotations:
D:2 Terence


Innate Abilities, Weirdness & Mutations

You are a hulking beast.
Your limbs bulge with bestial killing power. (Slay +0)
You can wield a second weapon in your off-hand.
It takes a long time for you to wield or remove held weapons.
Your first few attacks do less damage.
You cannot equip rings or amulets.


Message History

u - a beast talisman
v - a scroll labelled VODYTTOHIW A ball python comes into view.
The ball python hisses angrily.
The ball python closely misses you.
You hit the ball python with your +0 spear.
You hit the ball python with your +0 war axe.
You kill the ball python!
No target in view!
No target in view!
No target in view!
You see here a ball python corpse.
Found a stone staircase leading down.
There is a stone staircase leading down here.
A kobold comes into view. It is wielding a +0 short sword.
A kobold is nearby!
You closely miss the kobold with your +0 spear.
You hit the kobold with your +0 war axe.
The kobold hits you with a +0 short sword.
You take 1 damage, and have 22/23 hp.
You closely miss the kobold with your +0 spear.
You barely miss the kobold with your +0 war axe.
The kobold misses you.
You barely miss the kobold with your +0 spear.
You closely miss the kobold with your +0 war axe.
The kobold hits you with a +0 short sword.
You take 2 damage, and have 20/23 hp.
A kobold is nearby!
A kobold is nearby!
You hit the kobold with your +0 war axe.
You kill the kobold!
No target in view!
No target in view!
No target in view!
Unknown command.
A ball python and a rat come into view.
Found a stone staircase leading up.
The rat squeaks loudly.
Health restored: 23
There are monsters nearby!
There are monsters nearby!
You hit the rat with your +0 spear.
You kill the rat!
You barely miss the ball python with your +0 spear.
You closely miss the ball python with your +0 war axe.
The ball python bites you. The ball python barely misses you.
You take 1 damage, and have 22/23 hp.
You hit the ball python with your +0 spear.
You kill the ball python!
Health restored: 23 No target in view!
No target in view!
Things that are here:
a ball python corpse; a rat corpse
There is a stone staircase leading up here.
j - 2 scrolls labelled SEIXTU LAIZO (gained 1)
An endoplasm comes into view.
An endoplasm is nearby!
You hit the endoplasm with your +0 spear.
You slash the endoplasm with your +0 war axe!
You kill the endoplasm!
No target in view!
No target in view!
No target in view!
Terence the Incautious comes into view.
He is wielding a +0 falchion.
You reach to attack!
You hit Terence with your +0 spear. Terence barely misses you.
You closely miss Terence with your +0 war axe.
You hit Terence but do no damage. Terence hits you with a +0 falchion!
You take 9 damage, and have 14/23 hp.
MASSIVE DAMAGE!!
You hit Terence with your +0 war axe.
You barely miss Terence with your +0 spear.
Terence hits you with a +0 falchion!
* * * LOW HITPOINT WARNING * * *
You take 8 damage, and have 6/23 hp.
MASSIVE DAMAGE!!
You are too injured to fight recklessly!
Unknown command.
It was a potion of curing.
You feel better.
J - 2 potions of curing Terence misses you.
You regained 9 hp, and now have 15/23 hp.
You slash Terence with your +0 war axe!
You completely miss Terence with your +0 spear.
Terence barely misses you.
You barely miss Terence with your +0 war axe.
You barely miss Terence with your +0 spear.
Terence hits you with a +0 falchion!
You take 7 damage, and have 8/23 hp.
MASSIVE DAMAGE!!
You feel better. Terence hits you with a +0 falchion.
You take 1 damage, and have 7/23 hp.
You hit Terence but do no damage. You hit Terence with your +0 spear.
Terence misses you.
You hit Terence but do no damage.
You barely miss Terence with your +0 war axe.
Terence hits you with a +0 falchion!
You die...
Terence says, "Rest in peace."

..
#..#
##.#
#.#
#.#
#.#
#.#
#.#
#.#
#h#
#@#
..#
...#
#...#
$!..#
#$..##
#...


You could see Terence.

Vanquished Creatures
  A dart slug (D:1)
  A bat (D:1)
  4 endoplasms
  2 hobgoblins (D:1)
  2 ball pythons (D:2)
  A frilled lizard (D:1)
  2 kobolds
  2 rats
15 creatures vanquished.

Notes
Turn   | Place    | Note
-------+----------+-------------------------------------------
     0 | D:1      | HilariousDeathArtist the Coglin Reaver began the quest for
                  | the Orb.
     0 | D:1      | Reached XP level 1. HP: 16/16 MP: 3/3
   208 | D:1      | Reached XP level 2. HP: 22/22 MP: 4/4
   363 | D:1      | Found Nooc's Antique Armour Shoppe.
   545 | D:1      | Reached skill level 3 in Polearms
  1000 | D:2      | Noticed Terence
  1010 | D:2      | Slain by Terence

Illustrated notes

Levels and vault maps discovered:
D:1:      dpeg_arrival_rooms_with_view, layout_basic, serial_shops, shop
D:2:      layout_loops_ring, minmay_snake_closets, uniq_terence

Skill      XL: |  1  2 |
---------------+-------+-----
Polearms       | 3 |  3.0
Fighting       | |  2.4
Dodging        | |  1.7
Spellcasting   | |  1.7
Conjurations   | |  2.6
Shapeshifting  | |  0.7

Action                     || total
---------------------------++-------
  Melee: Spear             ||    29
         Dagger            ||     9
         War axe           ||    14
         Hand axe          ||     4
    Use: Potion            ||     2
   Stab: Sleeping          ||     1
 Armour: Leather armour    ||    14
  Dodge: Dodged            ||     9
   Form: Beast             ||     1

Table legend: (Time is in decaauts)
 A = Elapsed time spent in this place.
 B = Non-inter-level travel time spent in this place.
 C = Inter-level travel time spent in this place.
 D = Time resting spent in this place.
 E = Time spent auto-exploring this place.
 F = Levels seen in this place.
 G = Mean time per level.
                   A        B        C        D        E       F      G
               +--------+--------+--------+--------+--------+-----+--------+
         Total |   1013 |    961 |     52 |      0 |    790 |   2 |  506.5 |
       Dungeon |   1013 |    961 |     52 |      0 |    790 |   2 |  506.5 |
               +--------+--------+--------+--------+--------+-----+--------+

Top non-repeatable levels by time:
     D:1: 720 daAuts
     D:2: 292 daAuts

Levels and vault maps discovered:
D:1:      dpeg_arrival_rooms_with_view, layout_basic, serial_shops, shop
D:2:      layout_loops_ring, minmay_snake_closets, uniq_terence

Table legend: (Time is in decaauts)
 A = Elapsed time spent in this place.
 B = Non-inter-level travel time spent in this place.
 C = Inter-level travel time spent in this place.
 D = Time resting spent in this place.
 E = Time spent auto-exploring this place.
 F = Levels seen in this place.
 G = Mean time per level.
                   A        B        C        D        E       F      G
               +--------+--------+--------+--------+--------+-----+--------+
         Total |   1013 |    961 |     52 |      0 |    790 |   2 |  506.5 |
       Dungeon |   1013 |    961 |     52 |      0 |    790 |   2 |  506.5 |
               +--------+--------+--------+--------+--------+-----+--------+

Top non-repeatable levels by time:
     D:1: 720 daAuts
     D:2: 292 daAuts

Table legend:
 A = Kills in this place as a percentage of kills in the entire game.
 B = Kills by you in this place as a percentage of kills by you in the entire game.
 C = Kills by friends in this place as a percentage of kills by friends in the entire game.
 D = Other kills in this place as a percentage of other kills in the entire game.
 E = Experience gained in this place as a percentage of experience gained in the entire game.
 F = Experience gained in this place divided by the number of levels of this place that you have seen.
                   A       B       C       D       E      F
               +-------+-------+-------+-------+-------+----------------------
         Total | 100.0 | 100.0 |   N/A |   N/A | 100.0 |  13.5
       Dungeon | 100.0 | 100.0 |   N/A |   N/A | 100.0 |  13.5
               +-------+-------+-------+-------+-------+----------------------
